 Dungeon Crawl Stone Soup version 0.20-a0-1018-ge435b50 (webtiles) character file.

2 Gorglomux the Chiller (level 1, 0/19 HPs)
             Began as an Ogre Ice Elementalist on Apr 17, 2017.
             Slain by a jackal (1 damage)
             ... on level 1 of the Dungeon.
             The game lasted 00:00:15 (29 turns).

Gorglomux the Chiller (Ogre Ice Elementalist)         Turns: 29, Time: 00:00:16

Health: 0/19       AC:  3    Str: 11    XL:     1   Next: 40%
Magic:  1/3        EV: 10    Int: 16    God:
Gold:   0          SH:  0    Dex:  9    Spells: 3/4 levels left

rFire    . . .     SeeInvis .   (no weapon)
rCold    . . .     Gourm    .   (no shield)
rNeg     . . .     Faith    .   a - +0 robe
rPois    .         Spirit   .   (helmet restricted)
rElec    .         Reflect  .   (no cloak)
rCorr    .         Harm     .   (gloves unavailable)
MR       .....                  (boots unavailable)
Stlth    +.........             (no amulet)
Regen    0.1/turn               (no ring)
MPRegen  0.1/turn               (no ring)

@: no status effects
A: unfitting armour, tough skin 1
a: no special abilities


You were on level 1 of the Dungeon.
You were not hungry.

You visited 1 branch of the dungeon, and saw 1 of its levels.

Inventory:

Armour
 a - a +0 robe (worn)
Books
 b - a book of Frost
Comestibles
 c - a bread ration {@e1@e1}


   Skills:
 + Level 1.1 Fighting
 - Level 1.7 Dodging
 - Level 1.4 Stealth
 - Level 2.4 Spellcasting
   Level 0.8 Conjurations
 - Level 2.6 Ice Magic


You had 3 spell levels left.
You knew the following spells:

 Your Spells              Type           Power        Failure   Level  Hunger
a - Freeze                Ice            ##..         10%         1    #......


Dungeon Overview and Level Annotations

Branches:
Dungeon (1/15)

Altars:


Innate Abilities, Weirdness & Mutations

You are too large for most types of armour.
You have tough skin. (AC +1)


Message History

Welcome, Gorglomux the Ogre Ice Elementalist.
Will you prevail where others failed? Will you find the Orb of Zot?
Found a staircase leading out of the dungeon.
You open the door.
There is an open door here.
As you open the large door, it creaks loudly!
There is a large open door here.
You open the large door. 2 jackals come into view.
There are monsters nearby!
There are monsters nearby!
There is a large open door here.
The helpless jackal fails to defend itself.
You hit the jackal.
The jackal bites you but does no damage.
You hit the jackal.
The jackal barks!
The jackal moves out of view.
The jackal barely misses you.
You hear a bark!
Unknown command.
You hit the jackal.
You kill the jackal!
Health restored: 18 No target in view!
No target in view!
No target in view! 2 jackals come into view.
The jackal barks! x2
You see here a jackal corpse.
You butcher the jackal corpse.
The jackal closely misses you.
You see here 3 chunks of flesh {@w0@w0}.
There are monsters nearby!
You closely miss the jackal.
The jackal bites you but does no damage.
The jackal barely misses you.
You barely miss the jackal. The jackal bites you.
The jackal bites you but does no damage.
You take 3 damage, and have 15/18 hp.
You closely miss the jackal. The jackal bites you.
The jackal barely misses you. The jackal bites you. x2
You take 6 damage, and have 9/18 hp.
MASSIVE DAMAGE!!
The jackal bites you.
You take 3 damage, and have 6/18 hp.
The jackal bites you.
* * * LOW HITPOINT WARNING * * *
You take 3 damage, and have 3/18 hp.
You completely miss the jackal.
The jackal bites you but does no damage.
You closely miss the jackal. The jackal bites you.
* * * LOW HITPOINT WARNING * * *
You take 1 damage, and have 2/18 hp.
You closely miss the jackal.
The jackal bites you but does no damage.
The jackal bites you.
* * * LOW HITPOINT WARNING * * *
You take 1 damage, and have 1/18 hp.
You hit the jackal but do no damage.
The jackal bites you but does no damage.
Aim: a jackal You freeze the jackal.
The jackal completely misses you.
The jackal bites you but does no damage.
You now have 2/3 mp.
Aim: a jackal (moderately wounded)
You freeze the jackal.
You kill the jackal!
Your Fighting skill increases to level 1!
The jackal bites you.
You die...

######
###.'..#
#...#<.#
####''#### #⌠
#...##### #.
#...#PPP#
#.♣#...#P⌠P#
#..#''##P.P#
#....hh@...#
#.%#########
#......h.....
#...##########
...% ###


You could see 2 jackals.

Vanquished Creatures
  2 jackals (D:1)
2 creatures vanquished.

Notes
Turn   | Place    | Note
-------+----------+-------------------------------------------
     0 | D:1      | Gorglomux the Ogre Ice Elementalist began the quest for the Orb.
     0 | D:1      | Reached XP level 1. HP: 16/16 MP: 3/3
    23 | D:1      | HP: 3/18 [jackal (3)]
    26 | D:1      | HP: 1/18 [jackal (1)]
    29 | D:1      | Reached skill level 1 in Fighting
    29 | D:1      | Slain by a jackal

Vault maps used:
D:1:      sevenhm_arrival_forest_fort_small_3, minmay_pentomino_w4

Skill      XL: |  1 |
---------------+----+-----
Fighting       | 1 |  1.1
Dodging        | |  1.7
Stealth        | |  1.4
Spellcasting   | |  2.4
Conjurations   | |  0.8
Ice Magic      | |  2.6

Action                   || total
-------------------------++-------
Melee: Unarmed           ||    10
 Cast: Freeze            ||     2
 Stab: Sleeping          ||     1
Armor: Robe              ||     7
Dodge: Dodged            ||     5

Vault maps used:
D:1:      sevenhm_arrival_forest_fort_small_3, minmay_pentomino_w4

Table legend:
 A = Turns spent in this place as a percentage of turns spent in the entire game.
 B = Non-inter-level travel turns spent in this place as a percentage of non-inter-level travel turns spent in the entire game.
 C = Inter-level travel turns spent in this place as a percentage of turns spent in this place.
 D = Turns resting spent in this place as a percentage of non-inter-level travel turns spent in this place.
 E = Turns spent auto-exploring this place as a percentage of non-inter-level travel turns spent in this place.
 F = Non-inter-level travel turns spent in this place divided by the number of levels of this place that you've seen.
                   A       B       C       D       E      F
               +-------+-------+-------+-------+-------+----------------------
         Total | 100.0 | 100.0 |   0.0 |   0.0 |   3.4 |  29.0
       Dungeon | 100.0 | 100.0 |   0.0 |   0.0 |   3.4 |  29.0
               +-------+-------+-------+-------+-------+----------------------

Table legend:
 A = Kills in this place as a percentage of kills in entire the game.
 B = Kills by you in this place as a percentage of kills by you in the entire game.
 C = Kills by friends in this place as a percentage of kills by friends in the entire game.
 D = Other kills in this place as a percentage of other kills in the entire game.
 E = Experience gained in this place as a percentage of experience gained in the entire game.
 F = Experience gained in this place divided by the number of levels of this place that you have seen.
                   A       B       C       D       E      F
               +-------+-------+-------+-------+-------+----------------------
         Total | 100.0 | 100.0 |  -nan |  -nan | 100.0 |   4.0
       Dungeon | 100.0 | 100.0 |  -nan |  -nan | 100.0 |   4.0
               +-------+-------+-------+-------+-------+----------------------
